 Dungeon Crawl Stone Soup version 0.29.1-1-gd02db6906a (webtiles) character file.

Game seed: 13893044446992297911

1066 Aibolit the Cleaver (level 8, -15/69 HPs)
             Began as a Hill Orc Fighter on Sept 24, 2022.
             Was a Believer of Okawaru.
             Demolished by a two-headed ogre
             ... wielding a +0 giant club
              (18 damage)
             ... on level 6 of the Dungeon.
             The game lasted 00:59:39 (5944 turns).

Aibolit the Cleaver (Hill Orc Fighter)              Turns: 5944, Time: 00:59:39

Health: -15/69     AC: 21    Str: 25    XL:     8   Next: 28%
Magic:  8/8        EV:  8    Int:  8    God:    Okawaru [**....]
Gold:   190        SH:  4    Dex: 10    Spells: 7/7 levels left

rFire   . . .      SeeInvis .   t - +5 war axe of Quelimey {spect, Will+ rCorr Str+4 Stlth+}
rCold   + . .      Faith    .   c - +0 buckler
rNeg    . . .      Spirit   .   z - +0 storm dragon scales
rPois   +          Reflect  .   (no helmet)
rElec   +          Harm     .   A - +0 cloak
rCorr   +          Rampage  .   h - +0 pair of gloves
Will    ++...                   x - +5 pair of boots "Taidail" {rPois}
Stlth   ..........              (no amulet)
HPRegen 0.21/turn               k - ring of protection from cold
MPRegen 0.11/turn               C - ring of willpower

@: mighty
A: no striking features
a: Renounce Religion, Heroism


You were on level 6 of the Dungeon.
You worshipped Okawaru.
Okawaru was pleased with you.
You visited 2 branches of the dungeon, and saw 7 of its levels.

You collected 402 gold pieces.
You spent 212 gold pieces at shops.

Inventory:

Hand Weapons
 a - a +1 dagger of distortion
 g - a +1 short sword of venom
 t - the +5 war axe of Quelimey (weapon) {spect, Will+ rCorr Str+4 Stlth+}
   (You bought it in a shop on level 2 of the Dungeon)

   When its wielder attacks, the weapon's spirit leaps out and strikes again.
   The spirit shares a part of any damage it takes with its wielder.
   Str:       It affects your strength (+4).
   rCorr:     It protects you from acid and corrosion.
   Will:      It increases your willpower.
   Stlth:     It makes you more stealthy.
 v - a +3 spectral hand axe
 y - a +2 flail of holy wrath
Missiles
 b - 2 atropa-tipped darts
 f - 33 stones
 j - 4 large rocks
 l - 14 poisoned darts
 D - a curare-tipped dart
Armour
 c - a +0 buckler (worn)
 h - a +0 pair of gloves (worn)
 s - a +2 leather armour of fire resistance
 w - a +2 robe of positive energy
 x - the +5 pair of boots "Taidail" (worn) {rPois}
   (You found it on level 5 of the Dungeon)

   rPois:     It protects you from poison.
 z - +0 storm dragon scales (worn)
 A - a +0 cloak (worn)
Jewellery
 k - a ring of protection from cold (left hand)
 C - a ring of willpower (right hand)
Wands
 r - a wand of roots (7) (quivered)
Scrolls
 e - 4 scrolls of identify
 i - a scroll of fear
 m - 2 scrolls of teleportation
 p - a scroll of blinking
Potions
 d - a potion of might
 n - 2 potions of attraction
 o - 2 potions of lignification {unknown}
 u - 2 potions of heal wounds
 B - 2 potions of mutation {unknown}
 E - 2 potions of cancellation {unknown}
 F - a potion of brilliance {unknown}


   Skills:
 + Level 5.5 Fighting
 + Level 8.8 Axes
 + Level 5.8 Armour
 + Level 1.4 Dodging
 + Level 1.4 Stealth
 + Level 4.3 Shields


You had 7 spell levels left.
You didn't know any spells.
Your spell library contained the following spells:

 Spells                   Type           Power      Damage    Failure   Level
 Poisonous Vapours        Pois/Air       0%         N/A       99%         2
 Gell's Gravitas          Tloc           0%         N/A       100%        3
 Stone Arrow              Conj/Erth      0%         3d7       100%        3
 Teleport Other           Tloc           0%         N/A       100%        3
 Corpse Rot               Necr/Pois/Air  0%         N/A       100%        4
 Dispersal                Tloc           0%         N/A       100%        6
 Lehudib's Crystal Spear  Conj/Erth      0%         10d2      100%        8
 Animate Armour           Summ/Erth      Unusable   N/A       N/A         4

Dungeon Overview and Level Annotations

Branches:
Dungeon (6/15)             Temple (1/1) D:6

Altars:
Ashenzari
Cheibriados
Dithmenos
Elyvilon
Gozag
Hepliaklqana
Kikubaaqudgha
Makhleb
Nemelex Xobeh
Okawaru
Qazlal
Ru
Sif Muna
Trog
Uskayaw
Vehumet
Wu Jian
Xom
Yredelemnul
Zin
The Shining One

Shops:
D:2 *   D:4 :   D:5 *


Message History

You feel better.
You hit the two-headed ogre.
The two-headed ogre is heavily wounded.
Your +5 war axe of Quelimey {spect, Will+ rCorr Str+4 Stlth+} hits the two-headed ogre!
The two-headed ogre hits you with a +0 giant club!
The two-headed ogre hits you with a +0 giant club.
* * * LOW HITPOINT WARNING * * *
The two-headed ogre attacks as you move away!
The two-headed ogre hits you with a +0 giant club.
* * * LOW HITPOINT WARNING * * *
The two-headed ogre hits you with a +0 giant club.
* * * LOW HITPOINT WARNING * * *
You feel better.
The two-headed ogre attacks as you move away!
The two-headed ogre hits you but does no damage.
The two-headed ogre hits you with a +0 giant club!
* * * LOW HITPOINT WARNING * * *
You feel much better.
The two-headed ogre hits you with a +0 giant club.
* * * LOW HITPOINT WARNING * * *
The two-headed ogre hits you with a +0 giant club.
* * * LOW HITPOINT WARNING * * *
The two-headed ogre attacks as you move away!
You block the two-headed ogre's attack. The two-headed ogre closely misses you.
Aiming: Fastroot
Press: ? - help, Q - select action, (/) - cycle Shift-Dir - straight line, f/p - two-headed ogre
Aim: a two-headed ogre, wielding two +0 giant clubs (heavily wounded)
The roots erupt in riotous growth!
Roots grab the two-headed ogre.
The grasping roots constrict the two-headed ogre.
You block the two-headed ogre's attack.
The two-headed ogre hits you with a +0 giant club!
* * * LOW HITPOINT WARNING * * *
The grasping roots constrict the two-headed ogre.
The roots release their grip on the two-headed ogre.
The two-headed ogre attacks as you move away!
The two-headed ogre hits you but does no damage.
You block the two-headed ogre's attack.
The two-headed ogre hits you with a +0 giant club!!
You die...

##.#.#8...8#........#
#...###.###..###.###
##..........## #.# #
#..#...##.##
##........#####.###
#.#...............
#.##.#########.###
#.##.# #@##.# #
#.O#.##### #
#........# ######
##.#.###.## #.....
#.#.##...###.....
#.#.#............
#.#.#............
#)#.#.....##.....
#.#.............)


You could see a two-headed ogre.

Vanquished Creatures
  Eustachio (D:6)
  An ogre (D:6)
  A centaur (D:6)
  A phantom (D:6)
  3 kobold brigands (D:6)
  A necrophage (D:5)
  4 jellies
  3 iguanas
  2 orc wizards (D:5)
  5 adders
  2 white imps (D:6)
  An ufetubus (D:5)
  A worm (D:2)
  A dart slug (D:1)
  10 orcs
  10 endoplasms
  3 giant cockroaches
  7 goblins
  10 hobgoblins
  4 jackals (D:3)
  8 quokkas
  4 ball pythons
  4 bats
  3 frilled lizards (D:1)
  13 kobolds
  10 rats
113 creatures vanquished.

Vanquished Creatures (others)
  2 plants (D:2)
2 creatures vanquished.

Grand Total: 115 creatures vanquished

Notes
Turn   | Place    | Note
-------+----------+-------------------------------------------
     0 | D:1      | Aibolit the Hill Orc Fighter began the quest for the Orb.
     0 | D:1      | Reached XP level 1. HP: 19/19 MP: 1/1
   195 | D:1      | Reached XP level 2. HP: 25/27 MP: 2/2
   307 | D:1      | Reached skill level 3 in Axes
   629 | D:1      | Reached XP level 3. HP: 29/33 MP: 3/3
   932 | D:2      | Found Wystruc's Assorted Antiques.
   941 | D:2      | Found an ancient bone altar of Kikubaaqudgha.
  1172 | D:2      | Reached XP level 4. HP: 40/40 MP: 4/4
  1317 | D:2      | Reached skill level 4 in Axes
  2503 | D:2      | Bought an ancient war axe for 212 gold pieces
  2503 | D:2      | Identified the +5 war axe of Quelimey {spect, Will+ rCorr
                  | Str+4 Stlth+} (You bought it in a shop on level 2 of the
                  | Dungeon)
  2888 | D:4      | Found Wunwiux's Book Shoppe.
  3222 | D:4      | Found an opulent altar of Gozag.
  3295 | D:4      | Reached XP level 5. HP: 47/47 MP: 5/5
  3855 | D:5      | Entered Level 5 of the Dungeon
  4233 | D:5      | Reached skill level 5 in Axes
  4304 | D:5      | Found Quola's General Store.
  4305 | D:5      | Identified the +5 pair of boots "Taidail" {rPois}
  4382 | D:5      | Reached XP level 6. HP: 53/53 MP: 6/6
  4798 | D:5      | Reached skill level 6 in Axes
  5119 | D:6      | Found a stormy altar of Qazlal.
  5119 | D:6      | Found an iron altar of Okawaru.
  5136 | D:6      | Found a shadowy altar of Dithmenos.
  5142 | D:6      | Found an ancient bone altar of Kikubaaqudgha.
  5144 | D:6      | Found a hazy altar of Hepliaklqana.
  5163 | D:6      | Became a worshipper of Warmaster Okawaru
  5229 | D:6      | Found a staircase to the Ecumenical Temple.
  5238 | D:6      | Reached XP level 7. HP: 60/60 MP: 7/7
  5243 | Temple   | Entered the Ecumenical Temple
  5342 | D:6      | Reached skill level 5 in Fighting
  5342 | D:6      | Reached skill level 7 in Axes
  5342 | D:6      | Reached skill level 5 in Armour
  5346 | D:6      | Reached skill level 1 in Dodging
  5347 | D:6      | Reached * piety under Okawaru
  5348 | D:6      | Reached skill level 1 in Stealth
  5380 | D:6      | Reached skill level 8 in Axes
  5872 | D:6      | Reached XP level 8. HP: 67/68 MP: 8/8
  5887 | D:6      | Noticed Eustachio
  5897 | D:6      | Killed Eustachio
  5897 | D:6      | Reached ** piety under Okawaru
  5907 | D:6      | Noticed a two-headed ogre
  5936 | D:6      | HP: 1/69 [two-headed ogre/+0 giant club (16)]
  5944 | D:6      | Demolished by a two-headed ogre

Illustrated notes

Levels and vault maps discovered:
D:1:      dpeg_arrival_arbitrary_c, layout_loops_ring,
          nicolae_ecumenical_lake_church
D:2:      kennysheep_six_static_rooms, layout_rooms, basic_altar, serial_shops,
          nicolae_shop_overgrown_old_shop, kennysheep_generic_room_8
D:3:      layout_loops_corners
D:4:      layout_gridville, nicolae_gozag_cash_rules_everything_around_me,
          serial_shops, nicolae_shop_advertising_works
          [nicolae_subvault_shop_adworks], kennysheep_another_room
D:5:      layout_loops_corners, serial_shops, nicolae_take_the_stairs
D:6:      layout_loops_ring, chequers_temple_overflow_minitemple,
          minmay_temple_entry_grid, minmay_chambers_of_fives, uniq_eustachio
Temple:   hellmonk_temple_two_chambers

Skill      XL: |  1  2  3  4  5  6  7 |
---------------+----------------------+-----
Axes           | 3 4 5 6 8 |  8.8
Fighting       | 4 5 |  5.5
Armour         | 4 5 |  5.8
Shields        | 4 |  4.3
Dodging        | 1 |  1.4
Stealth        | 1 |  1.4

Action                   |  1- 3 |  4- 6 |  7- 9 || total
-------------------------+-------+-------+-------++-------
Melee: War axe           |    98 |   112 |    36 ||   246
Throw: Stone             |     1 |       |       ||     1
Evoke: Wand              |       |       |     2 ||     2
  Use: Scroll            |     6 |     4 |       ||    10
       Potion            |       |     8 |     4 ||    12
Armor: Scale mail        |    36 |    10 |       ||    46
       Chain mail        |       |    41 |       ||    41
       Leather armour    |       |     8 |       ||     8
       Storm dragon scal |       |     1 |    17 ||    18
Dodge: Dodged            |    42 |    39 |    14 ||    95
Block: Buckler           |    20 |    17 |     8 ||    45
